 Dungeon Sprint DCSS version 0.13-a0-2995-g9a84c3d (webtiles) character file.

1900000 Misa the Slayer (level 16, -20/162 HPs)
             Began as a Centaur Berserker on Sept 8, 2013.
             Was a High Priest of Trog.
             Demolished by a bag of meat
             ... wielding a +9,+9 war axe
              (21 damage)
             ... in the Dungeon (Sprint VIII: "Arena of Blood").
             The game lasted 00:00:56 (19 turns).

Misa the Slayer (Centaur Berserker)                   Turns: 19, Time: 00:00:56

HP -20/162       AC  5     Str 22      XL: 16   Next: 42%
MP  10/10        EV 21     Int  6      God: Trog [*****.]
Gold 20          SH  0     Dex 14      Spells:  0 memorised, 15 levels left

Res.Fire  : . . .   See Invis. : .   j - +∞ Axe of Woe
Res.Cold  : . . .   Warding    : .   b - +0 animal skin
Life Prot.: . . .   Conserve   : .   (no shield)
Res.Poison: .       Res.Corr.  : .   (no helmet)
Res.Elec. : .       Clarity    : .   (no cloak)
Sust.Abil.: . .     Spirit.Shd : .   (no gloves)
Res.Mut.  : .       Prev.Telep.: +   (no barding)
Res.Rott. : .       Flight     : .   (no amulet)
Saprovore : . . .                    (no ring)
                                     k - +27000,+30 ring of slaying

@: very quick, somewhat resistant to hostile enchantments, very unstealthy
A: hooves 3, deformed body, herbivore 1, speed 2, fast metabolism 1, tough skin
3
a: Burn Spellbooks, Berserk, Trog's Hand, Brothers in Arms, Renounce Religion


You were in the Dungeon.
You worshipped Trog.
Trog was extremely pleased with you.
You were not hungry.

You visited 1 branch

Inventory:

Hand weapons
 a - a +0,+0 hand axe {=f}
 j - the +∞,+∞ Axe of Woe (weapon)
   (You found it in the Dungeon)
Armour
 b - a +0 animal skin (worn)
Comestibles
 c - 2 bread rations
Scrolls
 i - a scroll of blinking
Jewellery
 k - a +27000,+30 ring of slaying (left hand)
Potions
 d - a potion of curing
 e - a potion of heal wounds
 f - a potion of speed
 g - 2 potions of magic
 h - a potion of berserk rage


   Skills:
 + Level 23.9 Fighting
 + Level 22.3 Axes
 + Level 19.4 Armour
 + Level 19.4 Dodging


You had 15 spell levels left.
You didn't know any spells.

Dungeon Overview and Level Annotations

Branches:
Dungeon (1/1)

Altars:
Makhleb


Innate Abilities, Weirdness & Mutations

You have hooves in place of feet.
Armour fits poorly on your strangely shaped body.
You digest meat inefficiently.
You cover ground very quickly.
You have a fast metabolism.
You have extremely tough skin (AC +3).


Message History

You kill the bag of meat!
Trog accepts your kill.
Your Axes skill increases to level 21!
Your Armour skill increases to level 18!
Your Dodging skill increases to level 18!
You chop the meat berserker into pieces.
You kill the meat berserker!
Trog accepts your kill.
Your Fighting skill increases to level 23!
You have reached level 16!
You feel agile.
You butcher the meat berserker messily.
You kill the meat berserker!
Trog accepts your kill.
Your Axes skill increases to level 22!
Your Armour skill increases to level 19!
Your Dodging skill increases to level 19!
You hear a shout!
The bag of meat hits you with a +9,+9 war axe!
You die...

..#.......#.....#
#..........#_.<._#
....#.......#.....#...
.......#........_......
...........)..o.###.....
...........###.......###
.......o.....#..O....#
o.O.....))....#.o.....#
....#.)@O..O.oo.......
#.#o#C.o..........
..#o#.o........... .
#o#.#......... ..#
#.....#.. .o. ....... #
....## ..... #


You could see a large bag of meat (inner flame), 3 meat berserkers and 11 bags
of meat.

Vanquished Creatures
  4 ogres (D)
  8 orcs (D)
12 creatures vanquished.

Notes
Turn   | Place    | Note
--------------------------------------------------------------
     0 | D        | Misa, the Centaur Berserker, began the quest for the Orb.
     0 | D        | Reached XP level 1. HP: 19/19 MP: 0/0
     4 | D        | Noticed a bag of meat
     5 | D        | Noticed a bag of meat
     7 | D        | Killed a bag of meat
     7 | D        | Reached skill level 14 in Fighting
     7 | D        | Reached XP level 2. HP: 27/29 MP: 1/1
     7 | D        | Reached XP level 3. HP: 34/37 MP: 2/2
     7 | D        | Reached XP level 4. HP: 42/46 MP: 2/2
     7 | D        | Reached XP level 5. HP: 47/52 MP: 3/3
     7 | D        | Reached XP level 6. HP: 55/61 MP: 4/4
     7 | D        | Reached XP level 7. HP: 62/69 MP: 4/4
     7 | D        | Reached XP level 8. HP: 70/78 MP: 5/5
     7 | D        | Reached XP level 9. HP: 75/84 MP: 6/6
     7 | D        | Reached XP level 10. HP: 83/93 MP: 6/6
     7 | D        | Reached XP level 11. HP: 90/101 MP: 7/7
     8 | D        | Noticed a meat berserker
    10 | D        | Noticed a bag of meat
    10 | D        | Noticed a meat berserker
    12 | D        | Noticed a bag of meat
    12 | D        | Noticed a bag of meat
    12 | D        | Noticed a meat berserker
    13 | D        | Noticed a bag of meat
    13 | D        | Noticed a bag of meat
    13 | D        | Noticed a bag of meat
    13 | D        | Noticed a bag of meat
    13 | D        | Noticed a bag of meat
    14 | D        | Noticed a bag of meat
    14 | D        | Noticed a meat berserker
    14 | D        | Noticed a bag of meat
    14 | D        | Noticed a large bag of meat
    14 | D        | Noticed a bag of meat
    15 | D        | Noticed a bag of meat
    15 | D        | Killed a bag of meat
    15 | D        | Reached skill level 16 in Fighting
    15 | D        | Reached skill level 15 in Axes
    15 | D        | Reached XP level 12. HP: 98/113 MP: 8/8
    16 | D        | Noticed a bag of meat
    16 | D        | Noticed a meat berserker
    16 | D        | Noticed a meat berserker
    16 | D        | Killed a meat berserker
    16 | D        | Acquired Trog's second power
    16 | D        | Reached skill level 17 in Fighting
    16 | D        | Reached XP level 13. HP: 33/123 MP: 8/8
    17 | D        | Noticed a meat berserker
    17 | D        | Killed a bag of meat
    17 | D        | Reached skill level 18 in Fighting
    18 | D        | Noticed a meat berserker
    18 | D        | Noticed a bag of meat
    18 | D        | Noticed a bag of meat
    18 | D        | Killed a bag of meat
    18 | D        | Reached skill level 19 in Fighting
    18 | D        | Reached skill level 15 in Armour
    18 | D        | Reached skill level 15 in Dodging
    18 | D        | Reached XP level 14. HP: 31/135 MP: 9/9
    18 | D        | Killed a bag of meat
    18 | D        | Reached skill level 20 in Fighting
    18 | D        | Killed a meat berserker
    18 | D        | Reached XP level 15. HP: 33/147 MP: 10/10
    18 | D        | Killed a bag of meat
    18 | D        | Reached skill level 21 in Fighting
    18 | D        | Killed a bag of meat
    18 | D        | Acquired Trog's third power
    18 | D        | Reached skill level 22 in Fighting
    18 | D        | HP: 1/149 [meat berserker/+9,+9 battleaxe (33)]
    19 | D        | Noticed a bag of meat
    19 | D        | Noticed a bag of meat
    19 | D        | Killed a bag of meat
    19 | D        | Killed a meat berserker
    19 | D        | Reached skill level 23 in Fighting
    19 | D        | Reached XP level 16. HP: 1/161 MP: 10/10
    19 | D        | Killed a meat berserker
    19 | D        | Demolished by a bag of meat

Action                   |  1- 3 |  4- 6 |  7- 9 | 10-12 | 13-15 | 16-18 || total
-------------------------+-------+-------+-------+-------+-------+-------++-------
Melee: Executioner's axe |     1 |       |       |     2 |     3 |       ||     6
